 Dungeon Crawl Stone Soup version 0.30-a0-779-g7971cf19c3 (webtiles) character file.

Game seed: 14085497154799985146

69 ryw the Trooper (level 4, -2/37 HPs)
             Began as a Demonspawn Monk on Feb 18, 2023.
             Slain by Ijyb
             ... wielding a +0 club
              (3 damage)
             ... on level 4 of the Dungeon.
             The game lasted 00:05:00 (2615 turns).

ryw the Trooper (Demonspawn Monk)                   Turns: 2615, Time: 00:05:01

Health: -2/37      AC:  4    Str: 15    XL:     4   Next: 2%
Magic:  4/4        EV: 13    Int: 17    God:
Gold:   241        SH:  0    Dex: 14    Spells: 3/3 levels left

rFire   . . .      SeeInvis .    o - +0 short sword
rCold   . . .      Faith    .    (no shield)
rNeg    . . .      Spirit   .    d - +0 leather armour
rPois   .          Reflect  .    (no helmet)
rElec   +          Harm     .    l - +0 cloak
rCorr   .          Rampage  .    (no gloves)
Will    .....                    (no boots)
Stlth   ++                       (no amulet)
HPRegen 0.26/turn                (no ring)
MPRegen 0.09/turn                (no ring)

@: mighty, attractive
A: big brain 2, electricity resistance, strong 1
a: no special abilities


You were on level 4 of the Dungeon.
You visited 1 branch of the dungeon, and saw 4 of its levels.

You collected 241 gold pieces.

Inventory:

Hand Weapons
 o - a +0 short sword (weapon)
Armour
 a - a +0 robe
 d - a +0 leather armour (worn)
 l - a +0 cloak (worn)
Scrolls
 c - 2 scrolls of noise {unknown}
 e - 8 scrolls of identify {unknown}
 g - 2 scrolls of teleportation {unknown}
 i - a scroll of blinking {unknown}
 n - 2 scrolls of magic mapping {unknown}
 p - a scroll of enchant armour {unknown}
Potions
 b - a potion of ambrosia
 f - a potion of mutation
 k - a potion of brilliance {unknown}
 m - a potion of curing {unknown}
 q - a potion of cancellation {unknown}


   Skills:
 + Level 4.0 Fighting
 + Level 3.7 Dodging
 - Level 1.7 Stealth
 - Level 2.6 Unarmed Combat


You had 3 spell levels left.
You didn't know any spells.
Your spell library contained the following spells:

 Spells                   Type           Power      Damage    Failure   Level
 Sublimation of Blood     Necr           0%         N/A       41%         2
 Leda's Liquefaction      Hex/Erth       0%         N/A       96%         4
 Petrify                  Tmut/Erth      0%         N/A       96%         4
 Irradiate                Conj/Tmut      0%         3d11      100%        5
 Lee's Rapid Deconstruct  Erth           0%         3d4*      100%        5
 Statue Form              Tmut/Erth      0%         N/A       100%        6


Dungeon Overview and Level Annotations

Branches:
Dungeon (4/15)
 Temple: D:4-7

Altars:

Shops:
D:2 **(

Annotations:
D:4 Ijyb


Innate Abilities, Weirdness & Mutations

You have an extremely huge brain. (Int +4)
You are resistant to electric shocks. (rElec)
Your muscles are strong. (Str +4, Int/Dex -1)


Message History

The helpless goblin fails to defend itself.
You hit the goblin.
You kill the goblin!
No target in view!
No target in view!
An orc comes into view. It is wielding a +0 mace.
The orc shouts!
You hear a shout!
A goblin comes into view. It is wielding a +0 club.
You hit the orc. You punch the orc.
You kill the orc!
You have reached level 4!
You feel clever.
Your demonic ancestry asserts itself...
Your brain expands.
A quokka comes into view.
You see here a +0 mace.
You hit the goblin.
You kill the goblin!
Things that are here:
a +0 club; a goblin corpse Ijyb the Twisted Goblin comes into view.
She is wielding a +0 club and carrying a wand of flame (9).
Ijyb shouts!
You hit Ijyb but do no damage.
Ijyb zaps a wand.
The puff of flame hits you.
You closely miss Ijyb. Ijyb hits you with a +0 club.
You barely miss Ijyb. Ijyb hits you with a +0 club.
It was a potion of mutation.
You feel extremely strange.
You feel insulated.
You feel stronger. Ijyb barely misses you.
It was a potion of might.
You feel very mighty all of a sudden. Ijyb hits you with a +0 club.
You closely miss Ijyb.
Ijyb zaps a wand.
The puff of flame hits you!
* * * LOW HITPOINT WARNING * * *
You hit Ijyb but do no damage.
The quokka twitches its whiskers.
Ijyb zaps a wand.
The puff of flame hits you!
* * * LOW HITPOINT WARNING * * *
It was a potion of attraction.
You feel attractive to monsters. Ijyb hits you with a +0 club.
You die...

... ### #.
######.# .. ...
+....#.# .# ..
#.##.#.#####.#.#
.r....(....)..#
#g##r....<...###.
#@##.#............
#..)).............
#####..........#..
#.............
########.#.##.
.#... ## ..


You could see Ijyb and a quokka.

Vanquished Creatures
  3 dart slugs
  2 orcs
  3 ball pythons
  7 endoplasms
  3 giant cockroaches
  3 hobgoblins
  11 jackals
  4 kobolds
  6 bats
  2 frilled lizards
  4 goblins
  5 rats
53 creatures vanquished.

Notes
Turn   | Place    | Note
-------+----------+-------------------------------------------
     0 | D:1      | ryw the Demonspawn Monk began the quest for the Orb.
     0 | D:1      | Reached XP level 1. HP: 18/18 MP: 1/1
   190 | D:1      | Gained mutation: You have an unusually large brain. (Int
                  | +2) [demonic ancestry]
   190 | D:1      | Reached XP level 2. HP: 20/24 MP: 2/2
   528 | D:1      | You fall into a shaft and drop 1 floor!
   777 | D:1      | Reached XP level 3. HP: 26/29 MP: 3/3
  1442 | D:2      | Found Hotsadwykiu's Assorted Antiques.
  1757 | D:2      | Found Oplixoo's Weapon Boutique.
  1910 | D:2      | Found Roku's General Store.
  2370 | D:3      | Reached skill level 4 in Fighting
  2603 | D:4      | Gained mutation: You have an extremely huge brain. (Int +4)
                  | [demonic ancestry]
  2603 | D:4      | Reached XP level 4. HP: 37/37 MP: 4/4
  2606 | D:4      | Noticed Ijyb
  2611 | D:4      | Gained mutation: You are resistant to electric shocks.
                  | (rElec) [potion of mutation]
  2611 | D:4      | Gained mutation: Your muscles are strong. (Str +4, Int/Dex
                  | -1) [potion of mutation]
  2614 | D:4      | HP: 1/37 [Ijyb/puff of flame (9)]
  2615 | D:4      | Slain by Ijyb

Illustrated notes

Levels and vault maps discovered:
D:1:      saegor_arrival_fortress, layout_loops_ring, st_stairs_5
D:2:      cheibrodos_old_hovel, layout_loops_ring, basic_altar, serial_shops,
          nicolae_shop_waterfront, shop, shop_coins,
          wander_ebering_terrifying_dragon_lair
D:3:      minmay_inner_zag, layout_basic, demons_altar, kennysheep_slug_shrine,
          old_standard_altar, minmay_misc_feat_chi
D:4:      layout_basic, grunt_gozag_statues, fedhas_ov_isle_minmay,
          temple_fountains, uniq_natasha, uniq_ijyb

Skill      XL: |  1  2  3 |
---------------+----------+-----
Dodging        | 3 |  3.7
Fighting       | 4 |  4.0
Stealth        | |  1.7
Unarmed Combat | |  2.6

Action                     |  1- 3 |  4- 6 || total
---------------------------+-------+-------++-------
  Melee: Unarmed           |   196 |       ||   196
         Punch             |    12 |       ||    12
         Short sword       |    42 |     6 ||    48
    Use: Potion            |       |     3 ||     3
   Stab: Sleeping          |     5 |       ||     5
         Distracted        |     1 |       ||     1
 Armour: Leather armour    |    73 |       ||    73
         Robe              |     2 |       ||     2
  Dodge: Dodged            |   157 |     1 ||   158

Table legend: (Time is in decaauts)
 A = Elapsed time spent in this place.
 B = Non-inter-level travel time spent in this place.
 C = Inter-level travel time spent in this place.
 D = Time resting spent in this place.
 E = Time spent auto-exploring this place.
 F = Levels seen in this place.
 G = Mean time per level.
                   A        B        C        D        E       F      G
               +--------+--------+--------+--------+--------+-----+--------+
         Total |   2604 |   2535 |     69 |    193 |   1731 |   4 |  651.0 |
       Dungeon |   2604 |   2535 |     69 |    193 |   1731 |   4 |  651.0 |
               +--------+--------+--------+--------+--------+-----+--------+

Top non-repeatable levels by time:
     D:2: 1147 daAuts
     D:1: 1125 daAuts
     D:3: 310 daAuts
     D:4: 20 daAuts
